 Dungeon Crawl Stone Soup version 0.31.0-1-g2c135a0 (webtiles) character file.

Game seed: 13014539301681227732

2594996 login18 the Shapeless Troll (level 27, 351/351 HPs)
             Began as a Troll Shapeshifter on Apr 10, 2024.
             Was the Champion of Qazlal.
             Escaped with the Orb
             ... and 4 runes on Apr 11, 2024!
             The game lasted 04:48:14 (65030 turns).

login18 the Shapeless Troll (Troll Shapeshifter)   Turns: 65030, Time: 04:48:14

Health: 351/351    AC: 48    Str: 36    XL:     27
Magic:  27/27      EV:  9    Int:  8    God:    Qazlal [******]
Gold:   5850       SH: 31    Dex:  9    Spells: 39/44 levels left

rFire   + +          .
                       - Unarmed
rCold   + . .        n - +0 tower shield
rNeg    + . .        U - melded +4 skin of Zhor {*Englaciate rC+++ SInv}
rPois   ∞            F - +3 crown of Dyrovepreva {rElec Int+2 SInv}
rElec   +            P - +2 cloak {Will+}
rCorr   +            (gloves unavailable)
SInv    +            (boots unavailable)
Will    +++++        h - amulet of Wadoerch {Reflect rF+ rC+ SH+5}
Stlth   +            V - ring of the Thirsty Deaths {rPois rF+ Will+ Slay+3}
HPRegen 1.58/turn    A - ring "Pabinosa" {rCorr AC+4 Slay+3 SInv}
MPRegen 0.20/turn

%: repel missiles, reflection
@: statue-form, studying 4 skills, very slow
A: slow and powerful, torment resistance 1, boosted hp, large, unfitting armour,
claws 3, regeneration 1, (shaggy fur 1), (tough skin 1), beak, (iridescent
scales 1), dopey 2, frail 1, low MP 2, strong-willed 1, poison resistance,
inability to drink after injury 1, inability to read after injury 1
0: Orb of Zot
}: 4/15 runes: serpentine, barnacled, slimy, silver
a: Begin Untransformation, Renounce Religion, Upheaval, Elemental Force,
Disaster Area


You escaped.
You worshipped Qazlal.
Qazlal was exalted by your worship.
You were a living statue of rough stone.
You visited 12 branches of the dungeon, and saw 56 of its levels.
You visited the Abyss 3 times.
You also visited: Bailey, Gauntlet, Ice Cave, Volcano and Wizlab.

You collected 10157 gold pieces.
You spent 4307 gold pieces at shops.

Inventory:

Missiles
 d - 2 throwing nets
 y - 17 silver javelins
 H - 127 large rocks (quivered)
 R - 23 atropa-tipped darts
Armour
 n - a +0 tower shield (worn)
 F - the +3 crown of Dyrovepreva (worn) {rElec Int+2 SInv}
   (You found it on level 4 of the Depths)

   Int+2:     It affects your intelligence (+2).
   rElec:     It insulates you from electricity.
   SInv:      It lets you see invisible.
 P - a +2 cloak of willpower (worn)
 U - the +4 skin of Zhor (melded) {*Englaciate rC+++ SInv}
   (You found it in an ice cave)

   *Englaciate: It radiates cold, occasionally slowing all nearby creatures who
   are not resistant to cold.
   rC+++:     It renders you almost immune to cold.
   SInv:      It lets you see invisible.
Jewellery
 h - the amulet of Wadoerch (around neck) {Reflect rF+ rC+ SH+5}
   (You found it on level 5 of the Pits of Slime)

   [amulet of reflection]

   Reflect:   It reflects blocked missile attacks.
   rF+:       It protects you from fire.
   rC+:       It protects you from cold.
   SH+5:      It affects your SH (+5).
 A - the ring "Pabinosa" (right claw) {rCorr AC+4 Slay+3 SInv}
   (You took it off a vault warden on level 5 of the Vaults)

   [ring of protection]

   AC+4:      It affects your AC (+4).
   Slay+3:    It affects your accuracy & damage with ranged weapons and melee
   (+3).
   SInv:      It lets you see invisible.
   rCorr:     It protects you from acid and corrosion.
 G - the ring "Juskiut" {rN+ Dex+6 SInv}
   (You took it off a minotaur in a Gauntlet)

   [ring of dexterity]

   Dex+6:     It affects your dexterity (+6).
   rN+:       It protects you from negative energy.
   SInv:      It lets you see invisible.
 V - the ring of the Thirsty Deaths (left claw) {rPois rF+ Will+ Slay+3}
   (You bought it in a shop on level 11 of the Dungeon)

   [ring of poison resistance]

   Slay+3:    It affects your accuracy & damage with ranged weapons and melee
   (+3).
   rF+:       It protects you from fire.
   rPois:     It protects you from poison Will+: It increases your willpower.
 W - a ring of flight
Talismans
 c - a granite talisman (active)
Wands
 q - a wand of roots (66)
 w - a wand of paralysis (66)
 x - a wand of mindburst (40)
 z - a wand of digging (13)
 J - a wand of polymorph (33)
 T - a wand of acid (42)
Scrolls
 a - 3 scrolls of torment
 e - 7 scrolls of summoning
 f - 3 scrolls of revelation
 g - 3 scrolls of silence
 i - a scroll of enchant weapon
 j - 7 scrolls of poison
 k - 24 scrolls of teleportation
 l - 9 scrolls of fear
 t - 6 scrolls of immolation
 C - 12 scrolls of amnesia
 K - 6 scrolls of blinking
 N - 8 scrolls of fog
 Q - 7 scrolls of enchant armour
 S - 5 scrolls of vulnerability
Potions
 b - a potion of attraction
 m - 7 potions of resistance
 p - 16 potions of heal wounds
 s - 4 potions of berserk rage
 v - 12 potions of brilliance
 B - 4 potions of invisibility
 E - 20 potions of curing
 I - 12 potions of enlightenment
 L - 6 potions of haste
 M - 14 potions of cancellation
 O - 6 potions of magic
 X - 7 potions of might
Miscellaneous
 r - a sack of spiders
 D - a phantom mirror
 Z - a lightning rod (4/4)


   Skills:
 + Level 22.3 Fighting
 - Level 8.0 Throwing
 - Level 10.3 Armour
 - Level 2.0 Dodging
 + Level 17.1 Shields
 - Level 25.4 Unarmed Combat
 - Level 9.1 Spellcasting
 - Level 13.6 Translocations
 - Level 11.0 Invocations
 - Level 8.0 Evocations
 O Level 27 Shapeshifting


You had 39 spell levels left.
You knew the following spells:

 Your Spells              Type           Power      Damage    Failure   Level
a - Apportation           Tloc           50%        N/A       1%          1
b - Manifold Assault      Tloc           25%        N/A       1%          4

Your spell library contained the following spells:

 Spells                   Type           Power      Damage    Failure   Level
 Gell's Gravitas          Tloc           25%        N/A       1%          3
 Teleport Other           Tloc           25%        N/A       1%          3
 Volatile Blastmotes      Fire/Tloc      28%        2d12      5%          3
 Dispersal                Tloc           12%        N/A       16%         6
 Dimensional Bullseye     Hex/Tloc       7%         N/A       17%         4
 Iskenderun's Mystic Bla  Conj/Tloc      14%        2d5       17%         4
 Vhi's Electric Charge    Tloc/Air       28%        N/A       17%         4
 Freeze                   Ice            12%        1d3       28%         1
 Kiss of Death            Conj/Necr      12%        2d6       28%         1
 Necrotise                Necr           12%        1d4       28%         1
 Sandblast                Erth           6%         2d5       28%         1
 Shock                    Conj/Air       12%        1d3       28%         1
 Sting                    Conj/Alch      12%        1d3       28%         1
 Cigotuvi's Dreadful Rot  Necr/Alch/Air  6%         N/A       41%         2
 Ensorcelled Hibernation  Hex/Ice        6%         N/A       41%         2
 Jinxbite                 Hex            6%         N/A       41%         2
 Mercury Vapours          Alch/Air       6%         N/A       41%         2
 Scorch                   Fire           6%         2d5       41%         2
 Summon Forest            Summ/Tloc      7%         N/A       43%         5
 Call Canine Familiar     Summ           3%         N/A       65%         3
 Dazzling Flash           Conj/Hex       6%         N/A       65%         3
 Frozen Ramparts          Ice            6%         1d1       65%         3
 Fugue of the Fallen      Necr           3%         N/A       65%         3
 Hailstorm                Conj/Ice       3%         3d5       65%         3
 Inner Flame              Hex/Fire       3%         N/A       65%         3
 Mephitic Cloud           Conj/Alch/Air  3%         N/A       65%         3
 Ozocubu's Armour         Ice            3%         N/A       65%         3
 Passwall                 Erth           3%         N/A       65%         3
 Sigil of Binding         Hex            3%         N/A       65%         3
 Stone Arrow              Conj/Erth      6%         3d7       65%         3
 Summon Ice Beast         Ice/Summ       3%         N/A       65%         3
 Swiftness                Air            3%         N/A       65%         3
 Tukima's Dance           Hex            3%         N/A       65%         3
 Vampiric Draining        Necr           3%         2d6       65%         3
 Airstrike                Air            1%         2d(1-17)  96%         4
 Animate Armour           Summ/Erth      6%         N/A       96%         4
 Animate Dead             Necr           3%         N/A       96%         4
 Brom's Barrelling Bould  Conj/Erth      3%         2d3       96%         4
 Cause Fear               Hex            1%         N/A       96%         4
 Dispel Undead            Necr           3%         3d7       96%         4
 Flame Wave               Conj/Fire      3%         2d5       96%         4
 Ignite Poison            Fire/Alch      3%         N/A       96%         4
 Leda's Liquefaction      Alch/Erth      1%         N/A       96%         4
 Martyr's Knell           Necr/Summ      3%         N/A       96%         4
 Olgreb's Toxic Radiance  Alch           3%         N/A       96%         4
 Petrify                  Alch/Erth      3%         N/A       96%         4
 Sticky Flame             Fire/Alch      3%         2d4       96%         4
 Summon Lightning Spire   Summ/Air       3%         N/A       96%         4
 Alistair's Intoxication  Alch           2%         N/A       100%        5
 Arcjolt                  Conj/Air       1%         1d11      100%        5
 Borgnjor's Vile Clutch   Necr/Erth      1%         N/A       100%        5
 Curse of Agony           Necr           3%         N/A       100%        5
 Fireball                 Conj/Fire      1%         3d3       100%        5
 Freezing Cloud           Conj/Ice/Air   1%         6-21      100%        5
 Irradiate                Conj/Alch      1%         3d12      100%        5
 Iskenderun's Battlesphe  Conj           3%         2d6       100%        5
 Lee's Rapid Deconstruct  Erth           1%         3d4*      100%        5
 Metabolic Englaciation   Hex/Ice        1%         N/A       100%        5
 Silence                  Hex/Air        1%         N/A       100%        5
 Summon Mana Viper        Hex/Summ       3%         N/A       100%        5
 Yara's Violent Unravell  Hex/Alch       1%         3d3       100%        5
 Bombard                  Conj/Erth      1%         9d1       100%        6
 Conjure Ball Lightning   Conj/Air       1%         3x3d6     100%        6
 Death Channel            Necr           1%         N/A       100%        6
 Eringya's Noxious Bog    Alch           1%         4d6       100%        6
 Sculpt Simulacrum        Ice/Alch       1%         N/A       100%        6
 Starburst                Conj/Fire      1%         6d3       100%        6
 Summon Cactus Giant      Summ           1%         N/A       100%        6
 Haunt                    Necr/Summ      1%         N/A       100%        7
 Monstrous Menagerie      Summ           1%         N/A       100%        7
 Orb of Destruction       Conj           1%         9d5       100%        7
 Spellforged Servitor     Conj/Summ      1%         N/A       100%        7
 Summon Hydra             Summ           1%         N/A       100%        7
 Discord                  Hex            1%         N/A       100%        8
 Disjunction              Tloc           12%        N/A       100%        8
 Ignition                 Fire           1%         3d3       100%        8
 Infestation              Necr           1%         N/A       100%        8
 Maxwell's Capacitive Co  Air            1%         ∞         100%        8
 Death's Door             Necr           1%         N/A       100%        9
 Dragon's Call            Summ           1%         N/A       100%        9
 Sublimation of Blood     Necr           Unusable   N/A       N/A         2

Dungeon Overview and Level Annotations

Branches:
Dungeon (15/15)            Temple (1/1) D:4            Lair (5/5) D:8
 Shoals (4/4) Lair:3        Snake (4/4) Lair:2        Slime (5/5) Lair:5
    Orc (2/2) D:10            Elf (3/3) Orc:2        Vaults (5/5) D:13
  Crypt (3/3) Vaults:3       Tomb (0/3) Crypt:3      Depths (4/4) D:15
    Zot (5/5) Depths:4     Bailey (visited)           IceCv (visited)
Volcano (visited)          WizLab (visited)         Gauntlet (visited)

Altars:
Ashenzari
Cheibriados
Dithmenos
Elyvilon
Fedhas
Gozag
Hepliaklqana
Kikubaaqudgha
Makhleb
Nemelex Xobeh
Okawaru
Qazlal
Ru
Sif Muna
Trog
Uskayaw
Vehumet
Wu Jian
Xom
Yredelemnul
Zin
The Shining One

Shops:
D:1 !   D:3 [   D:6 *   D:11 =   Orc:2 ==[*[   Elf:1 ?   Elf:2 !   Shoals:1 *
Shoals:2 *(   Shoals:3 (   Snake:1 (   Snake:2 =??   Snake:3 [   Vaults:1 !
Vaults:2 (   Vaults:3 [*[*[   Vaults:5 *   Depths:2 [

Portals:
Hell: Depths:1 Depths:2 Depths:3 Depths:4
Abyss: Depths:2 Depths:3
Pandemonium: Depths:2 Depths:4
Ziggurat: Depths:2
Trove: D:12 (give +5 demon blade)

Annotations:
D:5 exclusion: statue
Lair:1 exclusion: oklob plant
Snake:2 2 transporters


Innate Abilities, Weirdness & Mutations

You are a living statue of rough stone.
Your actions are slow, but your melee attacks are powerful.
You are resistant to unholy torment.
Your maximum health is greatly increased.
Your equipment is partially melded.
You are too large for most types of armour.
You are immune to poison.
You have claws for hands.
Your natural rate of healing is unusually fast.
((You are covered in fur. (AC +1)))
((You have tough skin. (AC +1)))
You have a beak for a mouth.
((You are partially covered in iridescent scales. (AC +2)))
You are very dopey. (Int -4)
You are frail. (-10% HP)
Your magical capacity is very low. (-20% MP)
You are strong-willed. (Will+)
Your system is resistant to poisons. (rPois)
You occasionally lose the ability to drink potions when taking damage.
You occasionally lose the ability to read scrolls when taking damage.


Message History

You peck the Brimstone Fiend, but do no damage.
The Brimstone Fiend is lightly wounded.
You block the Brimstone Fiend's attack. x3
You eviscerate the Brimstone Fiend!!!! You peck the Brimstone Fiend!
You kill the Brimstone Fiend!
Qazlal accepts your kill.
There is a stone staircase leading up here.
You climb upwards.
There is a stone staircase leading down here.
An angel comes into view. It is wielding a +1 whip of holy wrath.
You block the angel's attack. x4
You completely miss the angel. Your peck misses the angel.
The angel is engulfed in blazing flames.
You block the angel's attack. x2
The angel is engulfed in blazing flames.
You block the angel's attack. x2
You scratch the angel. Your peck misses the angel.
The angel is lightly wounded.
You block the angel's attack.
The angel hits you with a +1 whip of holy wrath.
You eviscerate the angel!!!!
You kill the angel!
Qazlal accepts your kill.
Things that are here:
a +1 whip of holy wrath; a +0 robe Your protection from electricity is fading.
There is a stone staircase leading up here.
You climb upwards.
You feel less protected from electricity.
There is a stone staircase leading down here.
There is a stone staircase leading up here.
You climb upwards.
There is a stone staircase leading down here.
There is a stone staircase leading up here.
You climb upwards.
There is a stone staircase leading down here.
There is an open door here.
There is a large open door here.
There is a staircase leading out of the dungeon here.
You have escaped!

.#...~≈≈≈~≈≈≈≈≈≈≈≈≈≈≈≈≈~≈≈≈~....#
.....~≈≈≈≈≈≈≈≈≈≈≈≈≈≈≈≈≈≈≈≈≈~....#
.#...≈≈≈#+#'#≈≈≈≈≈≈≈#'#+#≈≈~....#
.#...~≈≈'...##'###'##..>'≈≈~....#
.....~≈≈'...'.......'...'≈≈~....#
.....~≈≈#'###.#####.###+#≈~~....#
.#...~≈≈≈≈'...#...#...#≈≈≈~.....#
.#...~≈≈≈≈#.###°..'.⌠.'≈~~..⌠...#
.#...~≈≈≈≈#.###)8°°.⌠.'~≈~..⌠...#
.#...~≈≈≈≈'...#.○.#...#≈≈~~......
.....≈≈≈#'###.#####.#'#+#≈≈~....#
.....≈≈≈'...#.......#...'≈≈≈.....
.....~≈≈'(..##+###'##...'≈≈~.....
.#...~≈≈#+#'#≈≈≈≈≈≈≈#'#+#≈≈≈...#.
.#...~≈≈≈≈≈≈≈≈≈≈≈≈≈≈≈≈≈≈≈≈≈~...#.
.#...~≈≈≈≈≈≈≈≈≈≈≈≈≈≈≈≈≈≈≈≈≈≈...#.
.#...~~~~~~~≈≈~~~≈~≈~~~~≈~~~...#.


There were no monsters in sight!

Vanquished Creatures
  the Royal Jelly (Slime:5)
  Dissolution (Slime:3)
  5 orbs of fire
  4 ancient liches
  7 dread liches (Zot:5)
  Mara (Vaults:2)
  A juggernaut (Depths:4)
  Sojobo (Vaults:4)
  3 Killer Klowns
  Boris (twice) (Vaults:3 Crypt:3)
  Vashnia (Snake:4)
  3 caustic shrikes
  13 golden dragons
  A profane servitor (D:9)
  2 bone dragons
  3 Brimstone Fiends
  A hellephant (Abyss:3)
  An iron giant (Zot:2)
  6 electric golems
  18 tentacled monstrosities
  Zenata (Vaults:1)
  An Ice Fiend (D:13)
  2 pandemonium lords
  5 deep elf blademasters
  2 Hell Sentinels (Abyss:3)
  5 titans (Vaults:5)
  28 Orb Guardians
  10 quicksilver dragons
  The ghost of Camuck the Hoplite, an adept MiFi of the Shining One (Snake:4)
  10 liches
  A walking divine tome (Depths:1)
  12 sphinxes
  4 deep elf master archers (Elf:3)
  A walking crystal tome (D:15)
  18 acid blobs
  6 Executioners (Abyss:3)
  2 ancient champions
  15 death cobs
  27 tentacled starspawn
  12 tengu reavers
  Kirke (D:13)
  21 storm dragons
  2 nagarajas (Snake:4)
  16 azure jellies
  7 rockslimes
  A revenant (Crypt:2)
  9 draconian shifters
  Roxanne (D:14)
  8 shadow dragons
  5 draconian knights
  16 draconian monks
  11 fire giants
  8 protean progenitors
  11 deep elf sorcerers
  4 iron dragons
  17 vault wardens
  2 ghost moths
  7 draconian scorchers
  A juggernaut zombie (Depths:4)
  7 balrugs
  29 ironbound preservers
  3 orc warlords
  10 deep elf elementalists
  10 frost giants
  5 draconian stormcallers
  A caustic shrike zombie (Depths:2)
  2 curse skulls (Crypt:1)
  7 quicksilver oozes
  An angel (D:4)
  2 reapers
  3 ophanim (Abyss:3)
  8 formless jellyfish
  A demonspawn blood saint (Zot:5)
  3 spriggan defenders
  2 cacodemons
  9 ghouls
  11 ironbound thunderhulks
  10 green draconians
  18 very ugly things
  5 draconian annihilators
  The ghost of Jonathan123 the Messiah, a journeyman HOFi of Beogh (Lair:5)
  11 black draconians
  12 vampire knights
  11 deep elf demonologists
  24 stone giants
  2 lorocyprocas
  6 deep elf death magi
  2 bunyips (Zot:5)
  7 red draconians
  8 war gargoyles
  A minotaur (Gauntlet)
  13 yellow draconians
  16 deep elf annihilators
  15 dire elephants
  18 purple draconians
  8 spark wasps
  14 white draconians
  The ghost of Vig Uhad the Martial Artist, a journeyman OpSh of Cheibriados (Lair:5)
  6 eidola
  The ghost of Serogusm the Skirmisher, a journeyman CeHs of Okawaru (Lair:5)
  8 crystal guardians
  4 blizzard demons
  Snorg (D:11)
  The ghost of bob002 the Covert, a journeyman VSEn of Uskayaw (Lair:5)
  9 merfolk impalers
  12 ettins
  5 merfolk javelineers
  14 yaktaur captains
  7 jiangshi
  The ghost of Ypehuijo the Spear-Bearer, a journeyman OpFi of Gozag (Lair:5)
  9 deep elf high priests
  24 fire dragons
  2 green deaths
  Josephine (D:11)
  14 ice dragons
  3 entropy weavers
  9 rakshasas
  10 peacekeepers
  A quicksilver dragon skeleton (Crypt:3)
  15 great orbs of eyes
  28 vault guards
  3 ogre magi
  2 jorogumos (Zot:2)
  4 salamander tyrants
  A catoblepas (Zot:2)
  14 anacondas
  9 ironbound frosthearts
  2 hell beasts
  7 hydras
  14 centaur warriors
  8 boulder beetles
  13 two-headed ogres
  4 merfolk aquamancers
  A merfolk avatar (Shoals:1)
  3 spriggan air magi
  Erica (D:10)
  15 death yaks
  4 death knights
  13 naga warriors
  2 alligator snapping turtles
  9 tengu warriors
  10 deep troll shamans
  A sphinx skeleton (Crypt:1)
  6 satyrs
  38 dancing weapons
  9 deep troll earth magi
  A titan zombie (Abyss:3)
  2 demonic crawlers (Abyss:3)
  19 thrashing horrors
  8 occultists
  25 naga sharpshooters
  12 spriggan berserkers
  4 orc high priests (Orc:2)
  11 vampire magi
  2 spectral storm dragons (Crypt:2)
  An alligator (shapeshifter) (Depths:4)
  7 hell knights
  8 hell hogs
  9 shock serpents
  Sonja (Lair:3)
  Nergalle (Lair:3)
  14 deep elf knights
  A titan skeleton (Crypt:3)
  3 soul eaters
  A spatial maelstrom (Abyss:3)
  A spark wasp zombie (Depths:4)
  2 shadow wraiths
  17 sun demons
  An iron giant zombie (Crypt:2)
  2 spriggans (Depths:3)
  A golden dragon zombie (Depths:2)
  7 skysharks
  9 salamander mystics
  A bunyip zombie (Crypt:3)
  An orb spider (shapeshifter) (Vaults:5)
  15 sea snakes
  23 wretched stars
  38 skeletal warriors
  A death drake (Abyss:3)
  59 deep trolls
  10 sixfirhies
  A glowing orange brain (shapeshifter) (Depths:4)
  5 iron trolls
  A death drake (shapeshifter) (D:15)
  7 flayed ghosts
  2 mana vipers (shapeshifter)
  113 slime creatures
  14 glowing orange brains
  2 shadow demons
  15 mana vipers
  18 ironbound convokers
  A bog body (Crypt:2)
  An obsidian statue (Zot:5)
  12 arcanists
  3 naga ritualists
  19 deep elf archers
  2 anaconda skeletons (Crypt:3)
  A bunyip skeleton (Abyss:2)
  A steelbarb worm (shapeshifter) (D:15)
  15 necromancers
  13 phantasmal warriors
  9 lindwurms
  Pikel (D:4)
  26 deep elf zephyrmancers
  5 orc knights
  23 harpies
  27 deep elf pyromancers
  A harpy (shapeshifter) (D:15)
  2 lightning spires (WizLab)
  20 fauns
  An iron dragon zombie (Crypt:2)
  2 will-o-the-wisps (Abyss:3)
  9 shining eyes
  2 spectral fire dragons (Crypt:2)
  3 orc sorcerers
  8 worldbinders (Abyss:3)
  29 salamanders
  A spectral ice dragon (Crypt:2)
  27 ugly things
  8 cyclopes
  A salamander (shapeshifter) (Elf:2)
  2 shining eyes (shapeshifter) (Depths:4)
  A meliai (shapeshifter) (Abyss:2)
  40 moths of wrath
  An ice statue (IceCv)
  7 merfolk sirens
  22 manticores
  A black mamba (shapeshifter) (D:15)
  18 elephants
  3 meliai (D:12)
  A dire elephant zombie (Abyss:3)
  2 kobold blastminers (Orc:1)
  14 guardian serpents
  7 apocalypse crabs
  24 vault sentinels
  A water nymph (shapeshifter) (Depths:3)
  11 eyes of devastation
  2 centaur zombies (Crypt:1)
  42 black mambas
  17 naga magi
  22 smoke demons
  3 toenail golems
  11 molten gargoyles
  2 torpor snails (shapeshifter)
  2 torpor snails
  5 orange demons
  11 cane toads
  53 large abominations
  3 water nymphs
  A titan simulacrum (Abyss:3)
  An alligator snapping turtle zombie (Crypt:3)
  11 komodo dragons
  2 centaur skeletons (Crypt:3)
  6 gargoyles
  13 rime drakes
  A cane toad (shapeshifter) (Elf:3)
  4 efreet
  23 yaktaurs
  6 unseen horrors
  A redback zombie (Crypt:1)
  A green draconian zombie (Crypt:2)
  A kobold demonologist (D:11)
  9 freezing wraiths
  A yaktaur (shapeshifter) (Vaults:2)
  A spark wasp simulacrum (Depths:1)
  23 ancient zymes
  A guardian mummy (D:12)
  4 tengu conjurers
  An unseen horror skeleton (Crypt:2)
  A red devil (Abyss:3)
  27 merfolk
  A harpy zombie (Abyss:3)
  A merfolk (shapeshifter) (Vaults:5)
  8 polar bears
  2 queen bees (shapeshifter)
  A troll (shapeshifter) (Abyss:2)
  A polar bear (shapeshifter) (Abyss:3)
  4 trolls
  5 hellwings
  40 raiju (Abyss:3)
  A wolf spider simulacrum (D:15)
  An ettin zombie (Depths:1)
  A raiju (shapeshifter) (Abyss:3)
  10 dream sheep
  An iron troll skeleton (Crypt:2)
  5 wind drakes
  2 hornets (Depths:3)
  9 blink frogs
  Grinder (D:4)
  4 glass eyes
  3 harpy skeletons (Crypt:3)
  2 deep troll zombies
  A tarantella zombie (Crypt:1)
  3 spriggan zombies
  14 snapping turtles
  An ettin skeleton (Abyss:3)
  16 ynoxinuls
  8 wraiths
  57 yaks
  A vampire (D:9)
  14 water elementals
  4 air elementals
  8 fire elementals
  4 hogs (D:13)
  Grum (D:8)
  9 neqoxecs
  A redback (Vaults:3)
  11 wyverns
  5 steam dragons
  3 wargs (Orc:1)
  A redback (shapeshifter) (Depths:3)
  13 golden eyes
  2 fire bats (Abyss:3)
  5 basilisks
  2 naga zombies
  A yaktaur simulacrum (Vaults:1)
  14 chaos spawn
  Menkaure (D:4)
  46 nagas
  44 small abominations
  3 spatial vortices (Abyss:3)
  2 acid dragons
  A swamp worm (shapeshifter) (Depths:4)
  A demonspawn skeleton (Crypt:2)
  21 water moccasins
  A glowing shapeshifter skeleton (Depths:2)
  41 orc warriors
  5 hell hounds
  3 sky beasts
  66 laughing skulls
  8 ice beasts
  2 black bears
  5 ogres
  23 wolves
  23 centaurs
  A human skeleton (Vaults:1)
  4 lemures (D:4)
  2 phantoms
  133 starcursed masses
  2 kobold brigands (D:11)
  A draconian zombie (Crypt:2)
  22 bullfrogs
  8 weeping skulls
  A gnoll sergeant (D:6)
  6 brain worms
  4 necrophages
  A cyclops zombie (Crypt:1)
  A rime drake skeleton (Crypt:2)
  14 earth elementals
  3 scorpions
  8 wights (D:8)
  A yak zombie (Crypt:2)
  A cyclops skeleton (Crypt:1)
  A troll skeleton (D:14)
  12 killer bees
  An elephant simulacrum (Lair:2)
  6 spriggan skeletons
  7 electric eels
  5 howler monkeys
  A crimson imp (Abyss:3)
  5 lava snakes (Lair:5)
  4 quasits
  3 jellies
  4 bombardier beetles
  A gnoll bouda (D:6)
  46 orc priests
  A sleepcap (D:5)
  3 hounds
  5 iguanas
  2 iron imps
  30 orc wizards
  4 hell rats (Lair:4)
  A wolf simulacrum (Lair:2)
  An acid dragon zombie (Crypt:1)
  18 gnolls
  5 adders
  A shadow imp (D:6)
  8 white imps
  18 ufetubi
  An adder skeleton (Crypt:2)
  2 dart slugs
  3 ribbon worms
  91 orcs
  3 endoplasms (D:4)
  7 giant cockroaches
  12 goblins
  13 hobgoblins
  9 jackals
  7 kobolds
  4 quokkas
  8 ball pythons
  5 bats
  An endoplasm zombie (Crypt:1)
  A frilled lizard (D:2)
  A frilled lizard skeleton (Crypt:1)
  A hobgoblin zombie (Crypt:1)
  4 rats
  4 aspiring fleshes
  2 lurking horrors (Abyss:2)
  20 starspawn tentacles
3520 creatures vanquished.

Vanquished Creatures (collateral kills)
  An orc sorcerer (Orc:2)
  2 orc priests (Orc:2)
3 creatures vanquished.

Vanquished Creatures (others)
  A draconian knight (Zot:1)
  A two-headed ogre (D:12)
  A death knight (Crypt:2)
  A deep elf knight (Elf:1)
  A deep elf pyromancer (Elf:2)
  A fire elemental (WizLab)
  An orc wizard (D:11)
  A gnoll (D:6)
  A white imp (Abyss:2)
  2 ufetubi (Abyss:3)
  2 orcs (D:10)
  16 foxfires (Abyss:3)
  3 lurking horrors (Abyss:3)
  49 starspawn tentacles
81 creatures vanquished.

Grand Total: 3604 creatures vanquished

Notes
Turn   | Place    | Note
-------+----------+-------------------------------------------
     0 | D:1      | login18 the Troll Shapeshifter began the quest for the Orb.
     0 | D:1      | Reached XP level 1. HP: 18/18 MP: 0/0
   109 | D:1      | Reached skill level 1 in Fighting
   168 | D:1      | Reached XP level 2. HP: 27/27 MP: 1/1
   448 | D:1      | Found Wiruilia's Distillery.
   459 | D:1      | Bought a potion of curing for 39 gold pieces
   893 | D:2      | Reached XP level 3. HP: 28/33 MP: 2/2
  1030 | D:2      | Reached XP level 4. HP: 42/42 MP: 3/3
  1906 | D:3      | Reached XP level 5. HP: 40/49 MP: 4/4
  2000 | D:3      | Reached skill level 4 in Shapeshifting
  2025 | D:3      | Found Ehibelul's Armour Shoppe.
  2122 | D:4      | Noticed Menkaure
  2150 | D:4      | Killed Menkaure
  2151 | D:4      | Reached XP level 6. HP: 36/59 MP: 5/5
  2203 | D:4      | Found a stormy altar of Qazlal.
  2210 | D:4      | Became a worshipper of Qazlal Stormbringer
  2308 | D:4      | Noticed Pikel
  2312 | D:4      | Paralysed by Pikel for 4 turns
  2326 | D:4      | Paralysed by Pikel for 4 turns
  2338 | D:4      | Killed Pikel
  2339 | D:4      | Reached skill level 5 in Unarmed Combat
  2339 | D:4      | Reached skill level 5 in Shapeshifting
  2339 | D:4      | Reached XP level 7. HP: 43/70 MP: 6/6
  2441 | D:4      | Noticed Grinder
  2443 | D:4      | Paralysed by Grinder for 5 turns
  2459 | D:4      | Killed Grinder
  2460 | D:4      | Reached XP level 8. HP: 79/79 MP: 7/7
  2556 | D:4      | Found a burning altar of Makhleb.
  2623 | D:4      | Found a hide-covered altar of Uskayaw.
  2623 | D:4      | Noticed a +0 falchion
  2623 | D:4      | Noticed a +0 spear
  2624 | D:4      | Noticed a +0 falchion
  2625 | D:4      | Noticed a +0 dagger
  2625 | D:4      | Noticed a +0 dagger
  2625 | D:4      | Noticed a +0 short sword
  2626 | D:4      | Noticed a +0 spear
  2627 | D:4      | Noticed a +0 short sword
  2785 | D:4      | Found a staircase to the Ecumenical Temple.
  2789 | Temple   | Entered the Ecumenical Temple
  3053 | D:5      | Entered Level 5 of the Dungeon
  3094 | D:5      | Reached skill level 6 in Shapeshifting
  3110 | D:5      | Reached * piety under Qazlal
  3136 | D:5      | Found a radiant altar of Vehumet.
  3394 | D:5      | Reached skill level 5 in Fighting
  3404 | D:5      | Found a white marble altar of Elyvilon.
  3404 | D:5      | Found a hazy altar of Hepliaklqana.
  3405 | D:5      | Found an iron altar of Okawaru.
  3920 | D:6      | Reached XP level 9. HP: 88/88 MP: 8/8
  3970 | D:6      | Reached skill level 7 in Shapeshifting
  4138 | D:6      | Reached ** piety under Qazlal
  4329 | D:6      | Found Idav's Mayhem Merchandise.
  4670 | D:1      | Bought a potion of heal wounds for 65 gold pieces
  4670 | D:1      | Bought 2 potions of heal wounds for 130 gold pieces
  4823 | D:7      | Found an ancient bone altar of Kikubaaqudgha.
  5141 | D:7      | Reached skill level 1 in Invocations
  5148 | D:7      | Reached skill level 1 in Evocations
  5418 | D:7      | Found a glowing golden altar of the Shining One.
  5503 | D:7      | Found a snail-covered altar of Cheibriados.
  5551 | D:7      | Found a sacrificial altar of Ru.
  5687 | D:8      | Reached *** piety under Qazlal
  5699 | D:8      | Reached XP level 10. HP: 100/100 MP: 10/10
  5773 | D:8      | Found a staircase to the Lair.
  5788 | D:8      | Reached skill level 8 in Shapeshifting
  5979 | D:8      | Noticed Grum
  6088 | D:8      | Killed Grum
  6654 | D:9      | Found a flagged portal.
  6665 | Bailey   | Entered a bailey
  6753 | Bailey   | Reached **** piety under Qazlal
  6754 | Bailey   | Noticed an orc knight
  6762 | Bailey   | Killed an orc knight
  6763 | Bailey   | Reached skill level 9 in Shapeshifting
  6964 | Bailey   | Noticed an orc warlord
  6985 | Bailey   | Reached XP level 11. HP: 96/109 MP: 3/13
  6998 | Bailey   | Killed an orc warlord
  7120 | Bailey   | Reached skill level 12 in Shapeshifting
  7120 | Bailey   | Reached XP level 12. HP: 118/118 MP: 14/14
  7632 | D:10     | Entered Level 10 of the Dungeon
  7726 | D:10     | Noticed a two-headed ogre
  7735 | D:10     | Killed a two-headed ogre
  7879 | D:10     | Found a staircase to the Orcish Mines.
  8092 | D:10     | Noticed Erica
  8116 | D:10     | Killed Erica
  8210 | D:10     | Reached skill level 1 in Throwing
  8809 | D:11     | Noticed Snorg
  8816 | D:11     | Killed Snorg
  8817 | D:11     | Reached skill level 5 in Invocations
  8961 | D:11     | Noticed a two-headed ogre
  8966 | D:11     | Killed a two-headed ogre
  8968 | D:11     | Reached skill level 10 in Unarmed Combat
  8981 | D:11     | Reached skill level 13 in Shapeshifting
  9148 | D:11     | Found Gaonunes's Jewellery Shop.
  9187 | D:11     | Bought the ring of the Thirsty Deaths {rPois rF+ Will+
                  | Slay+3} for 626 gold pieces
  9247 | D:11     | Noticed Josephine
  9257 | D:11     | Killed Josephine
  9751 | D:12     | Noticed a two-headed ogre
  9761 | D:12     | Killed a two-headed ogre
  9762 | D:12     | Reached XP level 13. HP: 79/128 MP: 16/16
  9908 | Lair:1   | Entered Level 1 of the Lair of Beasts
 10003 | Lair:1   | Reached ***** piety under Qazlal
 10135 | Lair:1   | Identified the beast talisman of Sablea Durr {rC+}
 10299 | Lair:1   | Found a blossoming altar of Fedhas.
 10574 | Lair:2   | Found a staircase to the Snake Pit.
 10625 | Lair:2   | Found a frozen archway.
 10642 | IceCv    | Entered an ice cave
 10683 | IceCv    | Reached skill level 1 in Shields
 10801 | IceCv    | Noticed a frost giant
 10917 | IceCv    | Reached skill level 5 in Evocations
 11027 | IceCv    | Killed a frost giant
 11089 | IceCv    | Found the +4 skin of Zhor {*Englaciate rC+++ SInv}
 11101 | IceCv    | Got the Guidebook on Rime
 11426 | Lair:2   | Reached skill level 14 in Shapeshifting
 11945 | Lair:3   | Noticed Sonja
 11955 | Lair:3   | Killed Sonja
 11966 | Lair:3   | Found a dark tunnel.
 11975 | Volcano  | Entered a volcano
 12306 | Lair:3   | Reached XP level 14. HP: 140/140 MP: 17/17
 12358 | Lair:3   | Found a snail-covered altar of Cheibriados.
 12405 | Lair:3   | Found a staircase to the Shoals.
 12410 | Lair:3   | Noticed Nergalle
 12420 | Lair:3   | Killed Nergalle
 12543 | Lair:3   | Reached skill level 5 in Throwing
 12615 | Lair:3   | Reached ****** piety under Qazlal
 14166 | Lair:5   | Entered Level 5 of the Lair of Beasts
 14223 | Lair:4   | Reached skill level 15 in Shapeshifting
 14255 | Lair:5   | Found a staircase to the Slime Pits.
 14292 | Lair:5   | Reached skill level 5 in Shields
 14634 | Lair:5   | Found a runed translucent gate.
 14634 | Lair:5   | Found a runed translucent gate.
 14634 | Lair:5   | Found a runed translucent gate.
 14635 | Lair:5   | Noticed Serogusm's ghost (journeyman CeHs)
 14637 | Lair:5   | Noticed Jonathan123's ghost (journeyman HOFi)
 14638 | Lair:5   | Noticed Ypehuijo's ghost (journeyman OpFi)
 14638 | Lair:5   | Noticed bob002's ghost (journeyman VSEn)
 14639 | Lair:5   | Noticed Vig Uhad's ghost (journeyman OpSh)
 14643 | Lair:5   | Found the +7 mace of Variability {chaos, chaos arc}
 14698 | Lair:5   | Reached XP level 15. HP: 122/149 MP: 19/19
 14974 | Lair:5   | Reached skill level 10 in Fighting
 14995 | Lair:5   | Found a large runed translucent door.
 14995 | Lair:5   | Found a large runed translucent door.
 15038 | Lair:5   | Identified the +0 robe of Vebin {Regen+}
 15042 | Lair:5   | Identified the +10 orcbow "Casog" {freeze, rF+ rC+ Will+}
 15379 | Lair:5   | Killed Jonathan123's ghost
 15388 | Lair:5   | Killed Vig Uhad's ghost
 15394 | Lair:5   | Killed Ypehuijo's ghost
 15420 | Lair:5   | Killed Serogusm's ghost
 15425 | Lair:5   | Killed bob002's ghost
 15437 | Lair:5   | Identified the ring "Dipoigeu" {Wiz rElec Str-5 Slay+2}
 15445 | Lair:5   | Got the Secrets of Niveous Bad Luck
 15600 | Orc:1    | Entered Level 1 of the Orcish Mines
 15727 | Orc:2    | Entered Level 2 of the Orcish Mines
 16132 | Orc:2    | Found Bigim's Armour Emporium.
 16167 | Orc:2    | Found a staircase to the Elven Halls.
 16346 | Orc:2    | Found Mafaum's General Store.
 16346 | Orc:2    | Found Kavor's Antique Armour Boutique.
 16350 | Orc:2    | Found Askuhe's Jewellery Shop.
 16350 | Orc:2    | Found Hiqenedd's Jewellery Shop.
 16359 | Orc:2    | Bought a scroll of teleportation for 33 gold pieces
 17271 | D:1      | Bought a potion of curing for 39 gold pieces
 17271 | D:1      | Bought a potion of resistance for 130 gold pieces
 17271 | D:1      | Bought a potion of cancellation for 104 gold pieces
 17975 | D:12     | Found a portal to a secret trove of treasure.
 18190 | D:13     | Got the Meditations on the Lithic Graveyard
 18333 | D:13     | Reached skill level 16 in Shapeshifting
 18587 | D:13     | Noticed Kirke
 18591 | D:13     | Noticed a sphinx
 18593 | D:13     | Paralysed by a sphinx for 4 turns
 18608 | D:13     | Killed Kirke
 18854 | D:13     | Identified the +8 scale mail of the Tarantula {rElec rF+
                  | Will- Dex+3}
 18969 | D:13     | Found a gate to the Vaults.
 19038 | D:13     | Reached XP level 16. HP: 72/159 MP: 21/21
 19116 | D:14     | Found a gate leading to a gauntlet.
 19137 | Gauntlet | Entered a Gauntlet
 19137 | Gauntlet | Found a transporter.
 19137 | Gauntlet | Found a transporter.
 19139 | Gauntlet | Found a transporter.
 19139 | Gauntlet | Found a transporter.
 19142 | Gauntlet | Found a transporter.
 19179 | Gauntlet | Found a transporter.
 19179 | Gauntlet | Found a transporter.
 19182 | Gauntlet | Found a transporter.
 19193 | Gauntlet | Found a transporter.
 19209 | Gauntlet | Found a transporter.
 19213 | Gauntlet | Found a runed translucent door.
 19220 | Gauntlet | Found a transporter.
 19234 | Gauntlet | Found a transporter.
 19254 | Gauntlet | Found a transporter.
 19268 | Gauntlet | Found a transporter.
 19377 | Gauntlet | Identified the ring of the Leaping Gods {rN+ rCorr Int+4
                  | Dex-2}
 19463 | Gauntlet | Identified the amulet "Taloz Huint" {RegenMP rF+ rC- rCorr
                  | Str+4}
 19470 | Gauntlet | Identified a scroll of acquirement
 19470 | Gauntlet | Acquired a manual of Unarmed Combat
 19520 | Gauntlet | Identified the +6 flail "Sineemeg" {chaos, ^Fragile Str+6
                  | Dex+4}
 19520 | Gauntlet | Identified the ring "Juskiut" {rN+ Dex+6 SInv}
 19576 | Gauntlet | Identified the +1 cloak of Death Resistance {Int+2}
 19577 | Gauntlet | Got Roxanne's Parchment of the Fluctuating Lithosphere
 19989 | D:14     | You fall into a shaft and drop 1 floor!
 19989 | D:15     | Entered Level 15 of the Dungeon
 20113 | D:14     | Noticed Roxanne
 20128 | D:14     | Killed Roxanne
 20633 | D:15     | Found a shimmering blue altar of Sif Muna.
 20721 | D:15     | Found a shimmering altar of Xom.
 20989 | D:15     | Found a staircase to the Depths.
 21336 | Shoals:1 | Entered Level 1 of the Shoals
 21515 | Shoals:1 | Found the +2 hat of the Bear Spirit {Spirit, Bear, *Rage
                  | Will++}
 21589 | Shoals:1 | Found Zimog's CLEARANCE SALE!.
 22030 | Shoals:2 | Reached skill level 17 in Shapeshifting
 22134 | Shoals:2 | Found Uptesaru's Gadget Gallery.
 22153 | Shoals:2 | Bought a sack of spiders for 560 gold pieces
 22298 | Shoals:2 | Found Gokk's Weapon Boutique.
 22442 | Shoals:3 | Reached XP level 17. HP: 170/170 MP: 23/23
 22530 | Shoals:3 | Reached skill level 10 in Invocations
 22614 | Shoals:3 | Found Fouseomo's Antique Weapon Shop.
 23032 | Shoals:4 | Entered Level 4 of the Shoals
 23542 | Shoals:4 | Reached skill level 15 in Unarmed Combat
 23669 | Shoals:4 | Got a barnacled rune of Zot
 24004 | Snake:1  | Entered Level 1 of the Snake Pit
 24107 | Snake:1  | Reached skill level 18 in Shapeshifting
 24133 | Snake:1  | Reached XP level 18. HP: 182/182 MP: 25/25
 24146 | Snake:1  | Found Ewnouff's Weapon Shop.
 24655 | Snake:2  | Found a transporter.
 24666 | Snake:2  | Found a transporter.
 24666 | Snake:2  | Found a transporter.
 24696 | Snake:2  | Found Rigrin's Jewellery Shoppe.
 24854 | Snake:2  | Identified the +2 dagger "Niplyjeto" {distort, rC+ Int+5}
 24976 | Snake:2  | Found Ycamo's Magic Scroll Boutique.
 24985 | Snake:2  | Bought a scroll of teleportation for 45 gold pieces
 24985 | Snake:2  | Bought a scroll of blinking for 112 gold pieces
 25211 | Snake:2  | Found a transporter.
 25211 | Snake:2  | Found a transporter.
 25304 | Snake:2  | Found Yvyfugov's Magic Scroll Boutique.
 25316 | Snake:2  | Bought a scroll of teleportation for 45 gold pieces
 25316 | Snake:2  | Bought a scroll of revelation for 112 gold pieces
 25316 | Snake:2  | Bought a scroll of silence for 142 gold pieces
 25647 | Snake:3  | Identified the blade talisman "Esucha Ibaga" {rElec rF++
                  | rC- rCorr}
 25733 | Snake:3  | Found Soukut's Armour Shoppe.
 25860 | Snake:3  | Learned a level 1 spell: Apportation
 26161 | Snake:4  | Entered Level 4 of the Snake Pit
 26224 | Snake:4  | Found a basalt altar of Yredelemnul.
 26239 | Snake:4  | Found a runed translucent door.
 26240 | Snake:4  | Noticed Camuck's ghost (adept MiFi)
 26258 | Snake:4  | Killed Camuck's ghost
 26260 | Snake:4  | Identified the staff "Troll's Doom" {+Blink rPois rF+ Dex-5
                  | Alchemy}
 26261 | Snake:4  | Identified the staff "Xanifup" {rF+ Ice Earth}
 26458 | Snake:4  | Noticed Vashnia
 26540 | Snake:4  | Killed Vashnia
 26973 | Snake:4  | Reached XP level 19. HP: 193/193 MP: 26/26
 27097 | Snake:4  | Got a serpentine rune of Zot
 27600 | Snake:2  | Identified the +6 plate armour "Muot" {Dex+6}
 28270 | Vaults:1 | Entered Level 1 of the Vaults
 28413 | Vaults:1 | Learned a level 4 spell: Manifold Assault
 28793 | Vaults:1 | Noticed Zenata
 28821 | Vaults:1 | Killed Zenata
 29017 | Vaults:1 | Identified the staff of Generosity {rElec rF- rN+ rCorr Air
                  | Alchemy}
 29112 | Vaults:1 | Found a transporter.
 29114 | Vaults:1 | Found Fiaciutt's Distillery.
 29157 | Vaults:1 | Found a transporter.
 29165 | Vaults:1 | Bought a potion of heal wounds for 85 gold pieces
 29165 | Vaults:1 | Bought a potion of curing for 51 gold pieces
 29165 | Vaults:1 | Bought 2 potions of heal wounds for 170 gold pieces
 29165 | Vaults:1 | Bought a potion of curing for 51 gold pieces
 29165 | Vaults:1 | Bought a potion of curing for 51 gold pieces
 29165 | Vaults:1 | Bought a potion of heal wounds for 85 gold pieces
 29210 | Vaults:1 | Reached skill level 1 in Translocations
 29688 | Vaults:2 | Reached skill level 1 in Spellcasting
 29838 | Vaults:2 | Reached XP level 20. HP: 208/208 MP: 27/27
 30552 | Vaults:2 | Found Ziuso's Weapon Shoppe.
 30597 | Vaults:3 | Found Leme Sue's Assorted Antiques.
 30621 | Vaults:3 | Noticed Mara
 30625 | Vaults:3 | Noticed login18's illusion
 30691 | Vaults:3 | Noticed login18's illusion
 30728 | Vaults:2 | Reached skill level 5 in Translocations
 30747 | Vaults:2 | Killed Mara
 30782 | Vaults:3 | Bought a scroll of blinking for 292 gold pieces
 30853 | Vaults:3 | Found Dur Nera's Antique Armour Shoppe.
 30921 | Vaults:3 | Found a staircase to the Crypt.
 30974 | Vaults:3 | Found Bylappopt's Armour Emporium.
 31538 | Vaults:3 | Found Qathruim's Antique Armour Emporium.
 31578 | Vaults:3 | Found Uwam's Assorted Antiques.
 31585 | Vaults:3 | Bought a scroll of blinking for 172 gold pieces
 31585 | Vaults:3 | Bought a potion of resistance for 230 gold pieces
 31709 | Vaults:3 | Noticed Boris
 31713 | Vaults:3 | Killed Boris
 31865 | Vaults:4 | Reached skill level 15 in Fighting
 32083 | Vaults:4 | Reached XP level 21. HP: 218/218 MP: 28/28
 32560 | Vaults:4 | Noticed Sojobo
 32566 | Vaults:4 | Paralysed by an air elemental for 1 turns
 32574 | Vaults:4 | Killed Sojobo
 33226 | Elf:1    | Entered Level 1 of the Elven Halls
 33416 | Elf:1    | Found a huge runed translucent gate.
 33416 | Elf:1    | Found a huge runed translucent gate.
 33416 | Elf:1    | Found a huge runed translucent gate.
 33423 | Elf:1    | Found a huge runed translucent gate.
 33424 | Elf:1    | Found a huge runed translucent gate.
 33426 | Elf:1    | Found a huge runed translucent gate.
 33426 | Elf:1    | Found a huge runed translucent gate.
 33427 | Elf:1    | Found a huge runed translucent gate.
 33427 | Elf:1    | Found a huge runed translucent gate.
 33427 | Elf:1    | Found a huge runed translucent gate.
 33427 | Elf:1    | Found a huge runed translucent gate.
 33427 | Elf:1    | Found a huge runed translucent gate.
 33428 | Elf:1    | Found a huge runed translucent gate.
 33429 | Elf:1    | Found a huge runed translucent gate.
 33430 | Elf:1    | Found a huge runed translucent gate.
 33431 | Elf:1    | Found a huge runed translucent gate.
 33432 | Elf:1    | Found a huge runed translucent gate.
 33433 | Elf:1    | Found a huge runed translucent gate.
 33433 | Elf:1    | Found a huge runed translucent gate.
 33438 | Elf:1    | Found a huge runed translucent gate.
 33439 | Elf:1    | Found a huge runed translucent gate.
 33439 | Elf:1    | Found a huge runed translucent gate.
 33439 | Elf:1    | Found a huge runed translucent gate.
 33439 | Elf:1    | Found a huge runed translucent gate.
 33442 | Elf:1    | Found a huge runed translucent gate.
 33443 | Elf:1    | Found a huge runed translucent gate.
 33444 | Elf:1    | Found a huge runed translucent gate.
 33444 | Elf:1    | Found a huge runed translucent gate.
 33448 | Elf:1    | Found a huge runed translucent gate.
 33449 | Elf:1    | Found a huge runed translucent gate.
 33450 | Elf:1    | Found a huge runed translucent gate.
 33450 | Elf:1    | Found a huge runed translucent gate.
 33454 | Elf:1    | Found a huge runed translucent gate.
 33455 | Elf:1    | Found a huge runed translucent gate.
 33456 | Elf:1    | Found a huge runed translucent gate.
 33457 | Elf:1    | Found a huge runed translucent gate.
 33753 | Elf:1    | Found Kylonaer's Magic Scroll Emporium.
 34243 | Elf:1    | Reached skill level 5 in Spellcasting
 34556 | Elf:2    | Found Kocs's Distillery.
 34577 | Elf:2    | Bought a potion of experience for 850 gold pieces
 34621 | Elf:2    | Reached XP level 22. HP: 228/228 MP: 29/29
 34986 | Elf:3    | Entered Level 3 of the Elven Halls
 35722 | Elf:3    | Reached XP level 23. HP: 237/237 MP: 30/30
 35743 | Elf:3    | Paralysed by an air elemental for 1 turns
 35760 | Elf:3    | Gained mutation: You occasionally lose the ability to drink
                  | potions when taking damage. [a cacodemon]
 35776 | Abyss:2  | Cast into level 2 of the Abyss (a deep elf sorcerer)
 35829 | Abyss:2  | Reached skill level 10 in Translocations
 35840 | Abyss:2  | Lost mutation: You sometimes lose the ability to drink
                  | potions when taking damage. [potion of mutation]
 35840 | Abyss:2  | Gained mutation: You are clumsy. (Dex -2) [potion of
                  | mutation]
 35840 | Abyss:2  | Gained mutation: You expend magic power (3 MP) to
                  | strengthen your wands. [potion of mutation]
 35980 | Elf:3    | Escaped the Abyss
 36034 | Abyss:2  | Cast into level 2 of the Abyss (a deep elf demonologist)
 36226 | Abyss:2  | Paralysed by accursed screaming for 1 turns
 36277 | Elf:2    | Escaped the Abyss
 36427 | Elf:2    | Found a runed translucent gate.
 36427 | Elf:2    | Found a runed translucent gate.
 36428 | Elf:2    | Found a runed translucent gate.
 36658 | Elf:3    | Paralysed by an air elemental for 1 turns
 36806 | Elf:2    | Identified the blade talisman "Zos Omimioke" {rElec Int+5
                  | Dex-3}
 37003 | Elf:3    | Identified the amulet "Wumn" {Will+ Regen+ Stlth+}
 37182 | Elf:3    | Identified the +0 robe "Pajag" {*Slow +Blink rElec rC++}
 37212 | Elf:3    | Got the Folio of Air and the Maleficium
 37243 | Elf:3    | Identified the +0 scale mail "Uluilig" {Rampage}
 37289 | Elf:3    | Got Etoidef's Anthology of Summoned Decomposition
 37334 | Elf:3    | Identified the staff "Ekkiemio" {Dex+5 Earth}
 39462 | Elf:3    | Identified the +10 spear of Tadat {elec, *Slow rF+ rC+
                  | Int+2}
 39759 | Depths:1 | Entered Level 1 of the Depths
 40239 | Depths:1 | Reached XP level 24. HP: 250/250 MP: 27/32
 40283 | Depths:1 | Identified the +1 long sword "Plog" {venom, Dex+3}
 40415 | Depths:1 | Found a glowing silver altar of Zin.
 40549 | Depths:1 | Identified the +2 scale mail "Taust" {rC+ Str+3 Int+3
                  | Dex+2}
 40554 | Depths:1 | Identified the +6 mace of Infinity {protect, rC+ Will+}
 40609 | Depths:1 | Found a gateway to Hell.
 40943 | Depths:1 | Found a glowing golden altar of the Shining One.
 40943 | Depths:1 | Found a glowing silver altar of Zin.
 40944 | Depths:1 | Found a white marble altar of Elyvilon.
 40949 | Depths:1 | Found a broken altar of Ashenzari.
 41400 | Depths:2 | Found a one-way gateway to a ziggurat.
 41402 | Depths:2 | Found a one-way gate to the infinite horrors of the Abyss.
 41653 | Depths:2 | Found Yhet's Armour Emporium.
 41707 | Depths:2 | Got Jaemid's Grimoire of Azure Pyromancy
 42039 | Depths:2 | Found a one-way gate leading to the halls of Pandemonium.
 42272 | Depths:2 | Reached skill level 1 in Armour
 42301 | Depths:3 | You fall into a shaft and drop 1 floor!
 42301 | Depths:4 | Entered Level 4 of the Depths
 42508 | Depths:3 | Reached skill level 10 in Shields
 42675 | Depths:3 | Found a magical portal.
 42678 | WizLab   | Entered Maxwell's Workshop
 42849 | WizLab   | Identified the ring of Leps {Ice rPois Str-5 Int-5 SInv}
 42986 | WizLab   | Reached skill level 5 in Armour
 43012 | WizLab   | Identified the ring "Ishruan" {Fire rCorr Str+2 Dex-3}
 43148 | WizLab   | Identified the ring "Ymeshri" {Fire Stlth+}
 43160 | WizLab   | Identified the ring of Leuggej {Wiz Will+ MP-9 Dex+2
                  | Slay+3}
 43193 | WizLab   | Identified the +1 ring mail of Ohyh {Int+2 Dex+3 Slay-4}
 43363 | Depths:3 | Identified the +1 great sword of Ambiguity {flame, rC+
                  | rN++}
 43427 | Depths:3 | Found a white marble altar of Elyvilon.
 43459 | Depths:3 | Reached XP level 25. HP: 263/263 MP: 32/32
 43808 | Depths:3 | Identified the staff of Tamniv {rElec rC+ rN+ Necro}
 44254 | Depths:4 | Identified the amulet of Day {Spirit rPois rCorr Int-2
                  | Stlth-}
 44407 | Depths:4 | Identified the granite talisman of Foolhardiness {Fly rF+
                  | Slay-6}
 44470 | Depths:4 | Identified the +12 lajatang "Demonbane" {antimagic, rElec
                  | rF- Int+5}
 44656 | Depths:4 | Noticed a juggernaut
 44659 | Depths:4 | Killed a juggernaut
 44688 | Depths:4 | Identified the staff of Perversion {rF+ rC+ Int+2 Ice Air}
 44693 | Depths:4 | Identified the +8 shortbow of Fogeutinn {heavy, rC+++ Str-5
                  | Dex-4 SInv}
 44838 | Depths:4 | Found the +3 crown of Dyrovepreva {rElec Int+2 SInv}
 44915 | Depths:4 | Found a gate to the Realm of Zot.
 45302 | Depths:4 | Identified the storm talisman of the Dwarven Hall {rC+ rN+
                  | Str+3 Stlth+}
 46062 | Vaults:5 | Entered Level 5 of the Vaults
 46180 | Vaults:5 | Identified the +6 orcbow of Pestilence {drain, rN++ Dex+4}
 46374 | Vaults:5 | Identified the +7 quarterstaff of Due Proportion {vamp,
                  | +Blink rC- Dex+3}
 46387 | Vaults:5 | Noticed an ancient lich
 46393 | Vaults:5 | Killed an ancient lich
 46422 | Vaults:5 | Identified the +9 quick blade "Hirchic" {holy, rElec rF+
                  | Str-2}
 46550 | Vaults:5 | Reached XP level 26. HP: 119/276 MP: 22/34
 46859 | Vaults:5 | Identified the ring "Pabinosa" {rCorr AC+4 Slay+3 SInv}
 46926 | Vaults:5 | Got a silver rune of Zot
 47032 | Vaults:5 | Found Jappoalo's General Store.
 47168 | Vaults:5 | Identified the ring "Xiyn" {rElec rF+}
 48215 | Crypt:1  | Entered Level 1 of the Crypt
 49543 | Crypt:1  | Found an ancient bone altar of Kikubaaqudgha.
 50241 | Crypt:3  | Entered Level 3 of the Crypt
 50579 | Crypt:3  | Noticed an ancient lich
 50588 | Crypt:3  | Killed an ancient lich
 50704 | Crypt:3  | Noticed Boris
 50708 | Crypt:3  | Killed Boris
 50866 | Crypt:3  | Found an ancient bone altar of Kikubaaqudgha.
 50882 | Crypt:3  | Found a staircase to the Tomb.
 50890 | Crypt:3  | Got the Octavo of Spooky Deeds
 50898 | Crypt:3  | Identified the staff "Yppijiwy" {+Blink rPois Conj Air}
 52054 | Slime:1  | Entered Level 1 of the Pits of Slime
 52059 | Slime:1  | Gained mutation: Your magical capacity is low. (-10% MP) [a
                  | shining eye]
 52651 | Slime:2  | Reached XP level 27. HP: 288/288 MP: 31/31
 53088 | Slime:3  | Noticed Dissolution
 53091 | Slime:3  | Killed Dissolution
 53092 | Slime:3  | Gained mutation: Armour fits poorly on your strangely
                  | shaped body. [a shining eye]
 53093 | Slime:3  | Gained mutation: You are weak. (Str -2) [a shining eye]
 53591 | Slime:5  | Entered Level 5 of the Pits of Slime
 53617 | Slime:4  | Reached skill level 19 in Shapeshifting
 53660 | Slime:5  | Gained mutation: Your body sometimes deteriorates upon
                  | taking damage. [a shining eye]
 53675 | Slime:4  | Lost mutation: Your body sometimes deteriorates upon taking
                  | damage. [potion of mutation]
 53675 | Slime:4  | Lost mutation: You are weak. (Str -2) [potion of mutation]
 53675 | Slime:4  | Lost mutation: Your magical capacity is low. (-10% MP)
                  | [potion of mutation]
 53675 | Slime:4  | Gained mutation: Your muscles are strong. (Str +4, Int/Dex
                  | -1) [potion of mutation]
 53675 | Slime:4  | Gained mutation: You are partially covered in iridescent
                  | scales. (AC +2) [potion of mutation]
 53675 | Slime:4  | Gained mutation: Your muscles are very strong. (Str +8,
                  | Int/Dex -2) [potion of mutation]
 53739 | Slime:5  | Noticed the Royal Jelly
 53744 | Slime:5  | Killed the Royal Jelly
 53870 | Slime:5  | Gained mutation: Your system is resistant to poisons.
                  | (rPois) [a shining eye]
 53884 | Slime:5  | Gained mutation: You occasionally lose the ability to read
                  | scrolls when taking damage. [a shining eye]
 53884 | Slime:5  | Lost mutation: Your muscles are very strong. (Str +8,
                  | Int/Dex -2) [a shining eye]
 53885 | Slime:5  | Gained mutation: Your body sometimes deteriorates upon
                  | taking damage. [a shining eye]
 53902 | Slime:5  | Reached skill level 10 in Armour
 54033 | Slime:5  | Found the +12 glaive of Prune {freeze, Prune}
 54044 | Slime:5  | Got Vyiclut's Octavo of Calefaction and Bones
 54045 | Slime:5  | Found the +6 Majin-Bo {spellvamp, MP+6 Int+6}
 54069 | Slime:5  | Identified the +1 ice dragon scales of Distant Worlds
                  | {rElec rF- rC++}
 54093 | Slime:5  | Identified the amulet of Wadoerch {Reflect rF+ rC+ SH+5}
 54096 | Slime:5  | Got a slimy rune of Zot
 54119 | Slime:5  | Identified the +6 rapier of the Heavens {holy, *Slow Int+5
                  | SInv}
 54125 | Slime:5  | Identified the +4 short sword of the Hungering Stork
                  | {drain, *Noise rPois rN++ SInv}
 54164 | Slime:5  | Identified the ring of Korumeny {rC+ SInv}
 54416 | Slime:4  | Gained mutation: You sometimes lose your temper in combat.
                  | [a shining eye]
 54431 | Slime:4  | Lost mutation: You are clumsy. (Dex -2) [a shining eye]
 55347 | D:15     | Lost mutation: You occasionally lose the ability to read
                  | scrolls when taking damage. [potion of mutation]
 55347 | D:15     | Lost mutation: Your body sometimes deteriorates upon taking
                  | damage. [potion of mutation]
 55347 | D:15     | Lost mutation: You expend magic power (3 MP) to strengthen
                  | your wands. [potion of mutation]
 55347 | D:15     | Gained mutation: You occasionally shout uncontrollably at
                  | your foes. [potion of mutation]
 55347 | D:15     | Gained mutation: Your spells are a little harder to cast,
                  | but a little more powerful. [potion of mutation]
 55348 | D:15     | Lost mutation: You are partially covered in iridescent
                  | scales. (AC +2) [potion of mutation]
 55348 | D:15     | Lost mutation: Armour fits poorly on your strangely shaped
                  | body. [potion of mutation]
 55348 | D:15     | Lost mutation: You occasionally shout uncontrollably at
                  | your foes. [potion of mutation]
 55348 | D:15     | Gained mutation: You have sharp toenails. [potion of
                  | mutation]
 55348 | D:15     | Gained mutation: You expend magic power (3 MP) to
                  | strengthen your wands. [potion of mutation]
 55349 | D:15     | Lost mutation: You expend magic power (3 MP) to strengthen
                  | your wands. [potion of mutation]
 55349 | D:15     | Lost mutation: You have sharp toenails. [potion of
                  | mutation]
 55349 | D:15     | Lost mutation: You sometimes lose your temper in combat.
                  | [potion of mutation]
 55349 | D:15     | Gained mutation: You have hidden genetic potential. [potion
                  | of mutation]
 55349 | D:15     | Gained mutation: You are agile. (Dex +4, Str/Int -1)
                  | [potion of mutation]
 55349 | D:15     | Gained mutation: You are strong-willed. (Will+) [potion of
                  | mutation]
 55413 | Zot:1    | Entered Level 1 of the Realm of Zot
 56608 | Zot:1    | Reached skill level 20 in Shapeshifting
 57283 | Zot:2    | Reached skill level 21 in Shapeshifting
 57665 | Zot:2    | Noticed an ancient lich
 57670 | Zot:2    | Killed an ancient lich
 57757 | Zot:2    | Found a stormy altar of Qazlal.
 57775 | Zot:2    | Identified the +8 morningstar of the Hurting Pariah {drain,
                  | MP+9}
 57859 | Zot:3    | Noticed an orb of fire
 57866 | Zot:3    | Gained mutation: You occasionally lose the ability to drink
                  | potions when taking damage. [an orb of fire]
 57868 | Zot:3    | Killed an orb of fire
 57869 | Zot:3    | Reached skill level 22 in Shapeshifting
 58246 | Zot:3    | Gained mutation: You have a beak for a mouth. [hidden
                  | potential]
 58767 | Zot:3    | Reached skill level 23 in Shapeshifting
 59705 | Zot:5    | Entered Level 5 of the Realm of Zot
 59883 | Zot:5    | Reached skill level 24 in Shapeshifting
 60359 | Zot:5    | Noticed a dread lich
 60360 | Zot:5    | Noticed a dread lich
 60370 | Zot:5    | Killed a dread lich
 60377 | Zot:5    | Killed a dread lich
 60390 | Zot:5    | Noticed an orb of fire
 60392 | Zot:5    | Gained mutation: You are dopey. (Int -2) [an orb of fire]
 60395 | Zot:5    | Gained mutation: You are very dopey. (Int -4) [an orb of
                  | fire]
 60399 | Zot:5    | Killed an orb of fire
 60438 | Zot:5    | Lost mutation: You are agile. (Dex +4, Str/Int -1)
                  | [mutagenic glow]
 60449 | Zot:5    | Gained mutation: You occasionally lose the ability to read
                  | scrolls when taking damage. [mutagenic glow]
 60463 | Zot:5    | Gained mutation: You occasionally shout uncontrollably at
                  | your foes. [mutagenic glow]
 60474 | Zot:5    | Gained mutation: You are partially covered in iridescent
                  | scales. (AC +2) [mutagenic glow]
 60502 | Zot:5    | Noticed an orb of fire
 60503 | Zot:5    | Gained mutation: You are frail. (-10% HP) [an orb of fire]
 60504 | Zot:5    | Reached skill level 25 in Shapeshifting
 60506 | Zot:5    | Noticed a dread lich
 60513 | Zot:5    | Gained mutation: You are clumsy. (Dex -2) [an orb of fire]
 60518 | Zot:5    | Killed an orb of fire
 60521 | Zot:5    | Killed a dread lich
 60620 | Zot:5    | Noticed a dread lich
 60625 | Zot:5    | Killed a dread lich
 60640 | Zot:5    | Noticed an orb of fire
 60645 | Zot:5    | Gained mutation: Your magical capacity is low. (-10% MP)
                  | [an orb of fire]
 60646 | Zot:5    | Gained mutation: You sometimes lose the ability to drink
                  | potions when taking damage. [an orb of fire]
 60648 | Zot:5    | Killed an orb of fire
 60730 | Zot:5    | Noticed a dread lich
 60736 | Zot:5    | Killed a dread lich
 60756 | Zot:5    | Noticed a dread lich
 60758 | Zot:5    | Noticed an orb of fire
 60763 | Zot:5    | Killed a dread lich
 60764 | Zot:5    | Reached skill level 26 in Shapeshifting
 60766 | Zot:5    | Killed an orb of fire
 60780 | Zot:5    | Lost mutation: You are clumsy. (Dex -2) [hidden potential]
 60780 | Zot:5    | Lost mutation: You have hidden genetic potential. [hidden
                  | potential expressed]
 60817 | Zot:5    | Noticed a dread lich
 60828 | Zot:5    | Killed a dread lich
 61335 | Orc:2    | Bought a potion of mutation for 88 gold pieces
 62037 | Depths:3 | Voluntarily entered the Abyss.
 62143 | Abyss:2  | Paralysed by accursed screaming for 1 turns
 62306 | Abyss:2  | Lost mutation: Your muscles are strong. (Str +4, Int/Dex
                  | -1) [a neqoxec]
 62477 | Abyss:3  | Reached skill level 27 in Shapeshifting
 62524 | Abyss:3  | Paralysed by accursed screaming for 1 turns
 62736 | Abyss:3  | Paralysed by an air elemental for 1 turns
 62767 | Abyss:3  | Paralysed by accursed screaming for 1 turns
 63160 | Abyss:3  | Paralysed by accursed screaming for 1 turns
 63416 | Abyss:3  | Noticed an ancient lich
 63425 | Abyss:3  | Killed an ancient lich
 63440 | Abyss:3  | Paralysed by accursed screaming for 1 turns
 63445 | Abyss:3  | Paralysed by accursed screaming for 1 turns
 63451 | Abyss:3  | Gained mutation: Your magical capacity is very low. (-20%
                  | MP) [a neqoxec]
 63482 | Abyss:3  | Reached skill level 15 in Shields
 64062 | Abyss:3  | Lost mutation: Your spells are a little harder to cast, but
                  | a little more powerful. [potion of mutation]
 64062 | Abyss:3  | Lost mutation: You frequently scream uncontrollably at your
                  | foes. [potion of mutation]
 64062 | Abyss:3  | Lost mutation: You sometimes lose the ability to drink
                  | potions when taking damage. [potion of mutation]
 64083 | Abyss:3  | Found a corrupted altar of Lugonu.
 64110 | Depths:3 | Escaped the Abyss
 64327 | Zot:5    | Got the Orb of Zot
 64683 | D:14     | Noticed Lora the pandemonium lord
 64693 | D:14     | Killed Lora the pandemonium lord
 64809 | D:9      | Noticed Wafissalo the pandemonium lord
 64855 | D:7      | Noticed Onunatyu the pandemonium lord
 64865 | D:7      | Killed Onunatyu the pandemonium lord
 65030 | D:$      | Escaped with the Orb!

Illustrated notes

Levels and vault maps discovered:
D:1:      dpeg_arrival_castle, layout_basic, serial_shops, shop
D:2:      layout_basic, chequers_serial_rivers_room_b
D:3:      layout_basic, serial_corexii_hall, corexii_hall_statues_x,
          corexii_hall_statues_i, serial_shops, shop
D:4:      layout_loops_ring, nicolae_qazlal_eye_of_the_storm,
          old_standard_altar, nicolae_uskayaw_en_pointe, temple_statues,
          uniq_grinder, uniq_menkaure, uniq_pikel
D:5:      cheibrodos_two_vegetables, layout_loops_ring, vehumet_statue,
          gammafunk_temple_overflow_forgotten
D:6:      layout_basic, minmay_shop_mayhem, minmay_misc_feat_columns,
          kennysheep_generic_room_11
D:7:      layout_basic, slow_altar_2, nicolae_ru_path_of_blood,
          mainiacjoe_overflow_small_starburst, nicolae_tso_swordbearing_angel
D:8:      layout_loops_ring, david_lair_shrubbed, uniq_grum
D:9:      layout_small_grid, enter_bailey_6
D:10:     kennysheep_big_flooded_room, layout_cave_pods, orc_0_dummy,
          special_room [special_room_orc], uniq_erica
D:11:     layout_loops_ring, serial_shops, nicolae_shop_hallway_plus,
          uniq_josephine, uniq_snorg
D:12:     layout_irregular_city, nicolae_trove_entry_path_of_doom
D:13:     layout_roguey, david_vaults_4, serial_library_regret_index_headful,
          uniq_kirke
D:14:     layout_irregular_city, minmay_door_square, gauntlet_entry_generic,
          hangedman_tell_no_tales, uniq_roxanne
D:15:     hellmonk_depths_entry_around_the_bend, layout_irregular_city,
          hex_large, regret_index_xom_buried_treasure,
          chequers_serial_rivers_micro_c, st_stairs_3,
          nicolae_sif_muna_little_library
Temple:   minmay_freezing_vapour_temple
Lair:1:   layout_cave_shapes, tgw_fedhas
Lair:2:   layout_hall_layers, guppyfry_snake_entry_garden,
          portal_ice_cave_entry_ice_simulacra, grunt_megastairs_4,
          lemuel_fruit_fields
Lair:3:   nzn_winding_woodlands_stair_cross [nzn_winding_woodlands_5x15_pool,
          nzn_winding_woodlands_center_lodge,
          nzn_winding_woodlands_5x15_pathside_ponds,
          nzn_winding_woodlands_hourglass, nzn_winding_woodlands_5x5_open_star,
          nzn_winding_woodlands_5x15_sidewinder,
          nzn_winding_woodlands_center_triple_pond,
          nzn_winding_woodlands_5x15_default], layout_long_grid,
          shoals_dummy_entry, nicolae_volcano_entry_hallway, basic_altar,
          uniq_nergalle, uniq_sonja
Lair:4:   layout_loops_ring, minivault_25, lemuel_old_faithful
Lair:5:   cheibrodos_lair_end_hotspot, layout_loops_ring, slime_entry_1,
          gammafunk_ghost_cemetery
Shoals:1: layout_shoals, nicolae_shop_clearance
Shoals:2: layout_shoals, serial_shops, nicolae_shop_waterfront,
          nicolae_shop_gadgets
Shoals:3: layout_shoals, serial_shops, shop, nicolae_shoals_water_booths
Shoals:4: shoals_end_grunt_garden, layout_shoals
Snake:1:  nicolae_snake_shooting_gallery, layout_gridlike, serial_shops,
          shop_statue
Snake:2:  gammafunk_the_bubble [the_bubble_gammafunk_roulette], layout_chambers,
          serial_shops, nicolae_shop_waterfront, nicolae_shop_peninsula, shop
Snake:3:  layout_onion_interference, minmay_shop_star, serial_bayou_shore_a
Snake:4:  snake_pit_salamanders_mu, layout_rooms, gammafunk_ghost_grave,
          basic_altar, nicolae_snake_salamander_fort, uniq_vashnia
Slime:1:  layout_caves, nicolae_slime_barrier,
          cheibrodos_slime_lost_civilization_4
Slime:2:  layout_caves
Slime:3:  layout_caves, dissolution_awaits
Slime:4:  layout_caves, nicolae_slime_getting_an_eyeful
Slime:5:  slime_pit
Orc:1:    layout_caves
Orc:2:    st_orc_mages, layout_caves, serial_shops, shop
Elf:1:    nicolae_elf_arrival_fired_up, layout_gridlike, serial_shops,
          nicolae_shop_real_fake_doors, nicolae_elf_blasts_and_bolts, door_vault
Elf:2:    nicolae_elf_blades_splatter_lattice
          [nicolae_blade_entry_area_security], layout_geoelf_diagonals,
          serial_shops, nicolae_shop_industrial_runoff,
          serial_library_hellmonk_hallway_b, grunt_megastairs_2
Elf:3:    minmay_elf_hall_hex, layout_loops_cross, lemuel_flamethrower_2
Vaults:1: nicolae_vaults_closet_pinwheel_5, vaults_mumra_minichess,
          ontoclasm_vaults_pinch, nicolae_vaults_little_ls,
          nicolae_vaults_doubleplus_tesselated, vaults_room_fours,
          layout_vaults_quadrants, serial_shops, nicolae_shop_drivethru,
          uniq_zenata
Vaults:2: nicolae_vaults_three_branches, hangedman_vaults_stagger,
          vaults_dpeg_emergency_exit, nicolae_vaults_mitosis,
          vaults_room_hallway, nicolae_vaults_sesquioval_fish,
          nicolae_vaults_closet_pinwheel_5, hangedman_vaults_stitches,
          vaults_room_large_hall, vaults_room_large_hall,
          nicolae_vaults_double_plus_3, nicolae_vaults_diamond_2,
          nicolae_vaults_trapezoid_3, layout_vaults_maze_bifur, serial_shops,
          shop
Vaults:3: dpeg_vaults_monster_row, nicolae_vaults_closet_pinwheel_2,
          ontoclasm_vaults_chip, nicolae_vaults_little_squares_5,
          nicolae_vaults_house_1, blue_anna_dwarven_crypt,
          nicolae_vaults_little_squares_1, st_star,
          nicolae_vaults_little_squares_1, v_rooms_4,
          nicolae_vaults_tetromino_T_2, layout_vaults_omnicross, serial_shops,
          shop, shop, shop, shop, shop, uniq_boris, uniq_mara
Vaults:4: nicolae_vaults_trapezoid_lopsided_4, st_lines,
          nicolae_vaults_asterisk, nicolae_vaults_double_plus_3,
          nicolae_vaults_tangram_2, nicolae_vaults_stepped_doors,
          vaults_room_door_hall, nicolae_vaults_specimen_jars,
          nicolae_vaults_two_Ls, nicolae_vaults_six-pack,
          hangedman_vaults_restitches, hangedman_vaults_trim, v_misc_26,
          layout_vaults_big_room, uniq_sojobo
Vaults:5: serial_shops
Crypt:1:  layout_gridlike, grunt_megastairs_3, grunt_crypt_arrival_webbed,
          lemuel_upstairs_altar
Crypt:2:  layout_chaotic_city, weyrava_ghost_lake, uniq_grunn
Crypt:3:  cryptofortress_bobbens
Depths:1: minmay_the_grid_square_5x5_5x5
          [minmay_the_grid_square_5x5_beaten_path,
          minmay_the_grid_square_5x5_spiral, minmay_the_grid_square_5x5_meh,
          minmay_the_grid_square_5x5_tetrominoes,
          minmay_the_grid_square_5x5_misaligned,
          minmay_the_grid_square_5x5_moneybag,
          minmay_the_grid_square_5x5_prize_pseudospiral,
          minmay_the_grid_square_5x5_almost_minimal,
          minmay_the_grid_square_5x5_prize_rear_guard,
          minmay_the_grid_square_5x5_checkered_sparse,
          minmay_the_grid_square_5x5_seven,
          minmay_the_grid_square_5x5_tri_point,
          minmay_the_grid_square_5x5_prize_monsterx,
          minmay_the_grid_square_5x5_gyroscope, minmay_the_grid_square_5x5_n,
          minmay_the_grid_square_5x5_checkered_statues,
          minmay_the_grid_square_5x5_prize_waves,
          minmay_the_grid_square_5x5_sharp_hourglass,
          minmay_the_grid_square_5x5_prize_junk,
          minmay_the_grid_square_5x5_shrine1,
          minmay_the_grid_square_5x5_two_walls_a,
          minmay_the_grid_square_5x5_six_small, minmay_the_grid_square_5x5_plus,
          minmay_the_grid_square_5x5_v, minmay_the_grid_square_5x5_eight_small],
          layout_cave_pools, good_gods_mini_temple, lightli_too_deep,
          grunt_ministairs_8, corexii_corridor_pit, hangedman_decor_points,
          hangedman_abyss_or_decor_stabs, nicolae_ashenzari_panopticon
Depths:2: minmay_cut_squares, layout_basic, enter_ziggurat_d,
          grunt_pan_entry_in_and_out, serial_shops, shop, abyss_entry,
          nicolae_figureground_sparkle, hell_entry, minmay_staircase_bubble
Depths:3: minmay_swirls_squares, layout_cave_pools, mu_enter_wizlab_7,
          elyvilon_altar_4, nicolae_abyss_entry_one_way_or_another,
          grunt_hell_entry_dis_mu, minivault_1
Depths:4: hangedman_pleasuredromes, hell_entry, pan_entry, uniq_josephina
Zot:1:    layout_gridlike, regret_index_zotdec_wing_it,
          regret_index_zotdec_barnacled_simple, st_stairs_8
Zot:2:    regret_index_qazlal_generations, layout_twisted_circle,
          regret_index_zotdec_obsidian_hm, lemuel_golem_globe
Zot:3:    layout_misc_corridors, regret_index_zotdec_tunneler
Zot:4:    layout_basic, st_stairs_1
Zot:5:    layout_onion

Skill      XL: |  1  2  3  4  5  6  7  8  9 10 11 12 13 14 15 16 17 18 19 20 21 22 23 24 25 26 27 |
---------------+----------------------------------------------------------------------------------+-----
Fighting       | 1 2 4 5 6 7 8 9 10 11 13 14 15 16 17 18 19 22 | 22.3
Dodging        | 2 |  2.0
Unarmed Combat | 4 5 6 7 8 9 10 11 12 13 15 19 21 22 23 24 25 | 25.4
Shapeshifting  | 4 5 6 7 9 12 13 14 15 16 17 18 27 | 27.0
Invocations    | 2 4 5 6 7 8 9 10 11 | 11.0
Evocations     | 1 3 4 5 6 7 8 |  8.0
Throwing       | 3 4 5 6 7 8 |  8.0
Shields        | 3 5 6 8 9 10 11 17 | 17.1
Translocations | 2 7 9 11 12 13 | 13.6
Spellcasting   | 1 3 5 6 7 8 9 |  9.1
Armour         | 5 7 9 10 | 10.3

Action                     |  1- 3 |  4- 6 |  7- 9 | 10-12 | 13-15 | 16-18 | 19-21 | 22-24 | 25-27 || total
---------------------------+-------+-------+-------+-------+-------+-------+-------+-------+-------++-------
  Melee: Unarmed           |    75 |   135 |   264 |   498 |  1292 |  1039 |   968 |   935 |  2997 ||  8203
         Punch             |     1 |     2 |     4 |    13 |     6 |       |       |       |       ||    26
         Scimitar          |       |       |       |       |    32 |       |       |       |       ||    32
         Peck              |       |       |       |       |       |       |       |       |   221 ||   221
  Throw: Large rock        |       |       |       |       |       |     4 |       |       |       ||     4
   Cast: Manifold Assault  |       |       |       |       |       |       |     1 |    24 |   195 ||   220
 Invoke: Upheaval          |       |       |       |     6 |     1 |     2 |       |       |     3 ||    12
         Elemental Force   |       |       |       |       |     1 |       |       |     1 |       ||     2
         Disaster Area     |       |       |       |       |       |       |     1 |       |     5 ||     6
Ability: Begin Untransform |       |       |       |     1 |     1 |       |       |     4 |       ||     6
         Evoke Blink       |       |       |       |       |       |       |       |     1 |       ||     1
  Evoke: Wand              |       |       |       |     7 |     1 |       |       |     1 |     7 ||    16
    Use: Potion            |       |     2 |       |     5 |     2 |       |     3 |     2 |    11 ||    25
         Scroll            |       |       |       |     7 |    16 |    11 |     5 |     3 |     8 ||    50
   Stab: Confused          |       |       |       |       |       |       |     5 |       |       ||     5
         Distracted        |       |       |       |       |       |       |       |       |     1 ||     1
 Armour: Animal skin       |    48 |    62 |     4 |       |   503 |   136 |       |       |       ||   753
         Skin              |       |     7 |    61 |   138 |    32 |   901 |   820 |  1013 |  2421 ||  5393
         Robe              |       |       |    47 |   174 |    99 |       |       |       |       ||   320
  Dodge: Dodged            |    26 |    56 |   135 |   376 |   404 |   406 |   268 |   271 |   616 ||  2558
         Repelled          |       |       |       |     5 |    11 |    23 |    21 |    17 |    57 ||   134
  Block: Other             |       |       |     9 |    88 |    11 |       |     5 |       |       ||   113
         Kite shield       |       |       |       |       |   918 |  1563 |  1158 |  1108 |   340 ||  5087
         Tower shield      |       |       |       |       |       |       |       |       |  3828 ||  3828
         Reflection        |       |       |       |       |       |       |       |       |    54 ||    54
   Form: Flux              |       |       |     1 |     1 |       |       |       |       |       ||     2
         Blade             |       |       |       |     1 |       |       |       |       |       ||     1
         Beast             |       |       |       |       |     2 |       |       |       |       ||     2
         Statue            |       |       |       |       |       |     3 |       |     4 |     1 ||     8
                           |       |       |       |       |       |     1 |       |       |       ||     1
         Dragon            |       |       |       |       |       |     1 |       |       |       ||     1
         Maw               |       |       |       |       |       |     1 |       |       |       ||     1
         Storm             |       |       |       |       |       |       |       |       |     1 ||     1
